[Event "Titled Tuesday Blitz July 25 Early 2023"]
[White "Nayak Rajesh"]
[Black "Kiseljova, Marya"]
[WhiteFideId "35017152"]
[BlackFideId "4155009"]
[WhiteElo "2293"]
[BlackElo "2136"]
[Result "1-0"]
[Round "5"]
[TimeControl "180+2"]
[Date "2023.07.25"]
[WhiteClock "0:00:34"]
[BlackClock "0:00:19"]
[Board "217"]

1. e4 c5 2. Nf3 Nc6 3. d4 cxd4 4. Nxd4 g6 5. Nc3 Bg7 6. Be3 Nf6 7. Bc4 O-O 8. Bb3 Re8 9. Qd2 e6 10. O-O-O d5 11. exd5 Nxd5 12. Nxd5 exd5 13. Kb1 Na5 14. h4 Nxb3 15. axb3 h5 16. f3 Bd7 17. g4 hxg4 18. h5 gxf3 19. hxg6 fxg6 20. Bh6 Qf6 21. Bxg7 Qxg7 22. Nxf3 Be6 23. Ng5 d4 24. Rh7 Qf6 25. Rxb7 Bd5 26. Rd7 Qf5 27. Rd6 Bxb3 28. Rxd4 Bxc2+ 29. Qxc2 Qxg5 30. Rd6 Qf5 31. Rxg6+ Qxg6 32. Qxg6+ Kh8 33. Rh1# 1-0


[Site "https://www.chess.com"]

[Event "Titled Tuesday Blitz July 25 Early 2023"]
[White "UgarteCesar"]
[Black "Guevara Sanchez, Erick Marvin"]
[BlackFideId "6700136"]
[WhiteElo "2291"]
[BlackElo "2097"]
[Result "1-0"]
[Round "5"]
[TimeControl "180+2"]
[Date "2023.07.25"]
[WhiteClock "0:00:26"]
[BlackClock "0:00:00"]
[Board "218"]

1. d4 Nf6 2. Bg5 e6 3. Nd2 d5 4. e3 Be7 5. Bd3 b6 6. Qe2 Bb7 7. Ngf3 Nbd7 8. O-O c5 9. c3 O-O 10. h3 h6 11. Bf4 cxd4 12. exd4 Rc8 13. a4 a6 14. Bxa6 Bxa6 15. Qxa6 Re8 16. Rfe1 Ra8 17. Qb5 Qc8 18. Ne5 Nxe5 19. Bxe5 Ra5 20. Qb3 Nd7 21. Bg3 Qa6 22. Qc2 Ra8 23. b3 b5 24. Qd3 bxa4 25. Qxa6 R8xa6 26. bxa4 Rxa4 27. Rxa4 Rxa4 28. Rb1 Bf6 29. Rb7 Nf8 30. Rb8 Be7 31. Re8 Ra7 32. Nf3 Kh7 33. Ne5 Bd6 34. Nxf7 Bxg3 35. Ng5+ hxg5 36. fxg3 Kg8 37. h4 g4 38. Rc8 Kf7 39. Kf2 Ra2+ 40. Ke3 Rxg2 41. Kf4 Ng6+ 42. Kxg4 Re2 43. Kg5 Rg2 44. Rc7+ Ne7 45. Kg4 Rd2 46. h5 Kf6 47. Kf4 Rd3 48. g4 Rd1 49. g5+ Kf7 50. h6 gxh6 51. gxh6 Rh1 52. Ke5 Rxh6 53. Kd6 Kf6 54. Rxe7 Rh8 55. Rxe6+ Kf5 56. Re5+ Kf6 57. Kxd5 Rd8+ 58. Ke4 Rc8 59. Kd3 Ra8 60. c4 Ra1 61. Ke4 Rd1 62. Kd5 Ra1 63. c5 Ra5 64. Re6+ Kf5 65. Re2 Ra6 66. Rf2+ Kg6 67. c6 1-0


[Site "https://www.chess.com"]

[Event "Titled Tuesday Blitz July 25 Early 2023"]
[White "Graham, Nathaniel"]
[Black "Kohler, Aran"]
[WhiteFideId "2007983"]
[BlackFideId "1002856"]
[WhiteElo "1977"]
[BlackElo "2249"]
[Result "0-1"]
[Round "5"]
[TimeControl "180+2"]
[Date "2023.07.25"]
[WhiteClock "0:00:00"]
[BlackClock "0:00:58"]
[Board "219"]

1. e4 c6 2. d4 d5 3. Nd2 dxe4 4. Nxe4 Bf5 5. Ng3 Bg6 6. Bc4 e6 7. N1e2 Bd6 8. O-O Qc7 9. c3 Ne7 10. Qd2 Nd7 11. Nf4 O-O-O 12. Re1 Bxf4 13. Qxf4 Qxf4 14. Bxf4 Nd5 15. Bd6 N7b6 16. Bxd5 Rxd6 17. Bb3 Rhd8 18. Ne4 Bxe4 19. Rxe4 Nd7 20. Rae1 c5 21. dxc5 Nxc5 22. Rc4 Rc6 23. Rd1 Nxb3 24. Rxc6+ bxc6 25. Rxd8+ Kxd8 26. axb3 a5 27. Kf1 Kd7 28. Ke2 Kd6 29. Kd3 Kc5 30. Ke4 f6 31. f4 g6 32. g3 h6 33. h3 Kd6 34. Kd4 e5+ 35. fxe5+ fxe5+ 36. Kc4 Ke6 37. b4 axb4 38. Kxb4 Kd5 39. Kb3 Ke4 40. Kc2 Kf3 41. Kd1 Ke3 42. Ke1 Kd3 43. Kf2 Kc2 44. Ke3 Kxb2 45. c4 Kc3 46. c5 Kc4 47. Ke4 Kxc5 48. Kxe5 Kb4 49. Kf6 g5 50. Kg6 c5 51. Kxh6 c4 0-1


[Site "https://www.chess.com"]

[Event "Titled Tuesday Blitz July 25 Early 2023"]
[White "Vemparala, Nikash"]
[Black "Guerra Tulcan, Lenin"]
[WhiteFideId "30960967"]
[BlackFideId "3601382"]
[WhiteElo "2232"]
[BlackElo "2588"]
[Result "1-0"]
[Round "5"]
[TimeControl "180+2"]
[Date "2023.07.25"]
[WhiteClock "0:00:21"]
[BlackClock "0:00:14"]
[Board "220"]

1. e4 c5 2. Nf3 e6 3. b3 b6 4. Bb2 Bb7 5. Nc3 Nf6 6. e5 Nd5 7. Nxd5 Bxd5 8. c4 Bb7 9. d4 cxd4 10. Nxd4 Nc6 11. f4 Bb4+ 12. Kf2 O-O 13. Be2 f6 14. Nxc6 Bxc6 15. Bf3 fxe5 16. Bxe5 Qe7 17. Rf1 Bc5+ 18. Ke2 Qh4 19. h3 Qg3 20. Qd3 Rad8 21. Bxc6 Qxd3+ 22. Kxd3 dxc6+ 23. Ke2 Rd7 24. Rad1 Rfd8 25. Rxd7 Rxd7 26. Rd1 Rxd1 27. Kxd1 Kf7 28. Ke2 h5 29. Kf3 Kg6 30. Ke4 Kf7 31. Bb8 a6 32. Ba7 g6 33. a4 a5 34. Bb8 Ke7 35. Be5 Bb4 36. g4 hxg4 37. hxg4 Bd2 38. Bc7 b5 39. cxb5 cxb5 40. axb5 Kd7 41. b6 Kc6 42. Ke5 g5 43. fxg5 Bxg5 44. Kxe6 Be3 45. Kf5 Bd4 46. g5 Kd7 47. g6 Kc6 48. Kg5 Bg7 49. Kf5 Kd7 50. Be5 Bf8 51. b7 Kc6 52. b8=Q 1-0


[Site "https://www.chess.com"]

[Event "Titled Tuesday Blitz July 25 Early 2023"]
[White "Fernandez Hernandez, Gerardo"]
[Black "Orlov, Georgi"]
[WhiteFideId "2207400"]
[BlackFideId "2011271"]
[WhiteElo "2227"]
[BlackElo "2546"]
[Result "0-1"]
[Round "5"]
[TimeControl "180+2"]
[Date "2023.07.25"]
[WhiteClock "0:00:00"]
[BlackClock "0:01:10"]
[Board "221"]

1. e4 c5 2. Nc3 g6 3. f4 Bg7 4. Nf3 Nc6 5. a3 e6 6. b4 cxb4 7. axb4 d5 8. e5 Nh6 9. b5 Ne7 10. Ba3 O-O 11. Bd3 f6 12. O-O Nf7 13. Qe2 fxe5 14. fxe5 Re8 15. h4 Nf5 16. Bxf5 exf5 17. d4 f4 18. Na4 Bg4 19. Nc5 b6 20. Nd3 Nh6 21. Nxf4 Nf5 22. Qf2 Bxf3 23. Qxf3 Nxd4 24. Qxd5+ Qxd5 25. Nxd5 Nxc2 26. Nc7 Nxa1 27. Rxa1 Bxe5 28. Nxe8 Bxa1 29. Nc7 Rd8 30. Ne6 Rd3 31. Bb4 Rb3 32. Be7 Rxb5 33. Ng5 h6 34. Ne4 Bd4+ 35. Kh2 a5 0-1


[Site "https://www.chess.com"]

[Event "Titled Tuesday Blitz July 25 Early 2023"]
[White "Womacka, Mathias"]
[Black "KSho99"]
[WhiteFideId "4611390"]
[WhiteElo "2496"]
[BlackElo "2208"]
[Result "1/2-1/2"]
[Round "5"]
[TimeControl "180+2"]
[Date "2023.07.25"]
[WhiteClock "0:02:14"]
[BlackClock "0:00:51"]
[Board "222"]

1. e4 e6 2. d4 d5 3. Nd2 Be7 4. Ngf3 Nf6 5. e5 Nfd7 6. Bd3 c5 7. c3 b6 8. O-O Ba6 9. Bxa6 Nxa6 10. Re1 cxd4 11. cxd4 Nb4 12. Nf1 Rc8 13. Ne3 b5 14. a4 bxa4 15. Qxa4 O-O 16. Qxa7 Nb6 17. Bd2 Ra8 18. Qb7 Rb8 19. Qa7 Ra8 20. Qb7 Rb8 21. Qa7 Ra8 1/2-1/2


[Site "https://www.chess.com"]

[Event "Titled Tuesday Blitz July 25 Early 2023"]
[White "Floresvillar Gonzalez, Luis Migu"]
[Black "Padmini, Rout"]
[WhiteFideId "5100542"]
[BlackFideId "5029295"]
[WhiteElo "2098"]
[BlackElo "2431"]
[Result "0-1"]
[Round "5"]
[TimeControl "180+2"]
[Date "2023.07.25"]
[WhiteClock "0:00:13"]
[BlackClock "0:00:41"]
[Board "223"]

1. e4 c5 2. d4 cxd4 3. c3 dxc3 4. Nxc3 Nc6 5. Bc4 d6 6. Nf3 Nf6 7. e5 dxe5 8. Qxd8+ Nxd8 9. Nxe5 e6 10. Nb5 Bb4+ 11. Ke2 O-O 12. a3 Be7 13. Rd1 Nc6 14. Bf4 Nh5 15. Nxc6 Nxf4+ 16. Kf3 bxc6 17. Nc7 Rb8 18. Kxf4 Rb6 19. b4 Bd8 20. Rxd8 Rxd8 21. Ke5 Kf8 22. Rc1 Rd7 23. Nxe6+ fxe6 24. Bxe6 Re7 0-1


[Site "https://www.chess.com"]

[Event "Titled Tuesday Blitz July 25 Early 2023"]
[White "Hartikainen, Jarmo"]
[Black "Rian, Kapriaga"]
[WhiteFideId "503134"]
[BlackFideId "7103263"]
[WhiteElo "2090"]
[BlackElo "2388"]
[Result "0-1"]
[Round "5"]
[TimeControl "180+2"]
[Date "2023.07.25"]
[WhiteClock "0:00:04"]
[BlackClock "0:00:07"]
[Board "224"]

1. e4 c6 2. d4 d5 3. Nc3 dxe4 4. Nxe4 Bf5 5. Ng3 Bg6 6. h4 h6 7. Bc4 e6 8. N1e2 Nf6 9. Nf4 Bh7 10. O-O Nd5 11. Qg4 Nd7 12. Ngh5 N7f6 13. Nxf6+ Qxf6 14. Re1 O-O-O 15. c3 Bf5 16. Qf3 Bd6 17. Nxd5 cxd5 18. Bd3 Qxh4 19. Bxf5 Qh2+ 20. Kf1 exf5 21. Be3 f4 22. Bd2 Rhe8 23. g3 fxg3 24. fxg3 Qxd2 25. Re2 Rxe2 26. Qxe2 Qxe2+ 27. Kxe2 Bxg3 28. Kf3 Bd6 29. Re1 Kd7 30. Re2 Re8 31. Rg2 g5 32. b3 Re6 33. c4 dxc4 34. bxc4 Bc7 35. d5 Rf6+ 36. Ke3 Rf4 37. Kd3 f5 38. Rg1 g4 39. Rh1 Rf3+ 40. Ke2 Rh3 41. Rf1 Rh5 42. Ke3 g3 43. Kf3 Rg5 44. Kg2 h5 45. Rh1 f4 46. a4 f3+ 47. Kxf3 g2 48. Rg1 Bb6 49. Rxg2 Rxg2 50. Kxg2 Kd6 51. Kf3 Kc5 52. Ke4 Kxc4 53. d6 Kc5 54. Ke5 h4 55. Ke6 h3 56. d7 h2 57. d8=Q Bxd8 58. Kd7 Ba5 59. Kc8 h1=Q 60. Kb8 Kb4 61. Kxa7 Kxa4 62. Kb8 b5 63. Ka7 Qh6 64. Kb7 Qg7+ 65. Kc6 Qg5 66. Kb7 b4 67. Ka6 b3 68. Kb7 b2 69. Ka6 Qf5 70. Ka7 b1=Q 71. Ka6 Qb6# 0-1


[Site "https://www.chess.com"]

[Event "Titled Tuesday Blitz July 25 Early 2023"]
[White "Vafin, Ayrat"]
[Black "Estevez Polanco, Leonardo Rafael"]
[WhiteFideId "4146530"]
[BlackFideId "6402798"]
[WhiteElo "2375"]
[BlackElo "2089"]
[Result "0-1"]
[Round "5"]
[TimeControl "180+2"]
[Date "2023.07.25"]
[WhiteClock "0:00:06"]
[BlackClock "0:00:20"]
[Board "225"]

1. d4 Nf6 2. Bf4 c5 3. e3 Qb6 4. Nc3 cxd4 5. exd4 Qxb2 6. Nb5 Nd5 7. a3 Nxf4 8. Rb1 Qa2 9. Qc1 Kd8 10. c4 a6 11. Rb2 Qxb2 12. Qxb2 axb5 13. cxb5 Nd5 14. Bc4 e6 15. Nf3 Bxa3 16. Qb3 Bb4+ 17. Ke2 Ra2+ 18. Kd3 Ra3 19. Bxd5 Rxb3+ 20. Bxb3 Be7 21. Ne5 Ke8 22. Rc1 Nc6 23. bxc6 dxc6 24. h3 Bd6 25. Nc4 Ke7 26. Nb6 Bd7 27. Re1 Bc7 28. Nc4 Ra8 29. Bc2 b5 30. Ne3 g6 31. g3 Ra3+ 32. Kd2 Ba5+ 33. Ke2 Bxe1 34. Kxe1 b4 35. Nc4 Ra1+ 36. Kd2 Bc8 37. Nb6 Ba6 38. Bb3 Rh1 39. h4 Rh2 40. Ke3 Rh1 41. Na8 Rc1 42. Nc7 Bb5 43. Ba2 Rc3+ 44. Kf4 b3 45. Bb1 b2 46. Nxb5 cxb5 47. Ke4 Rc1 48. Bd3 b1=Q 49. Bxb1 Rxb1 50. Kf3 Rc1 51. Ke3 Rc8 52. Kd3 b4 53. Ke3 b3 54. Kf3 b2 55. Ke4 b1=Q+ 56. Kf3 Qd3+ 57. Kg2 Qxd4 58. Kh3 Rc2 59. f4 Qf2 60. Kg4 f6 61. h5 Rc3 62. hxg6 hxg6 63. Kh4 Qxg3# 0-1


[Site "https://www.chess.com"]

[Event "Titled Tuesday Blitz July 25 Early 2023"]
[White "Winkels, Marcel"]
[Black "morozcoma"]
[WhiteFideId "1003887"]
[WhiteElo "2044"]
[BlackElo "2323"]
[Result "0-1"]
[Round "5"]
[TimeControl "180+2"]
[Date "2023.07.25"]
[WhiteClock "0:00:00"]
[BlackClock "0:01:22"]
[Board "226"]

1. e4 e5 2. Nf3 Nc6 3. d4 exd4 4. Bc4 Nf6 5. e5 d5 6. Bb5 Ne4 7. Nxd4 Bc5 8. Bxc6+ bxc6 9. c3 O-O 10. O-O Bb7 11. Be3 Bb6 12. Nd2 Ng5 13. f4 Ne4 14. Nxe4 dxe4 15. Qg4 f5 16. Nxf5 Rxf5 17. Bxb6 Bc8 18. Rad1 Qf8 19. Be3 Rxe5 20. Qg3 Rf5 21. b4 Be6 22. Bc5 Qf7 23. Rd2 Bxa2 24. Rfd1 Rd5 25. Qe1 Rxd2 26. Qxd2 Bd5 27. c4 Bxc4 28. Qd8+ Qe8 29. Qxc7 Bd5 0-1


[Site "https://www.chess.com"]

[Event "Titled Tuesday Blitz July 25 Early 2023"]
[White "Alberto, Manuel"]
[Black "Maluco_do_Natal_00"]
[WhiteFideId "10100148"]
[WhiteElo "2322"]
[BlackElo "2037"]
[Result "1-0"]
[Round "5"]
[TimeControl "180+2"]
[Date "2023.07.25"]
[WhiteClock "0:00:44"]
[BlackClock "0:00:00"]
[Board "227"]

1. e4 c5 2. Nf3 Nc6 3. Bb5 e6 4. Bxc6 bxc6 5. O-O Ne7 6. e5 Ng6 7. Re1 Be7 8. d3 O-O 9. Nbd2 f6 10. Nc4 Ba6 11. exf6 Bxf6 12. Nd6 Qc7 13. Ne4 Be7 14. c4 d5 15. Ng3 dxc4 16. dxc4 Bxc4 17. Bg5 Bd5 18. Bxe7 Qxe7 19. Ne4 Rad8 20. Qc2 c4 21. Re3 Rf4 22. Rae1 Rdf8 23. Nfd2 Qf7 24. f3 a5 25. Nxc4 e5 26. Nxa5 Nh4 27. Qc3 Qg6 28. Ng3 Nf5 29. Rxe5 Nxg3 30. hxg3 Qxg3 31. Re8 h6 32. Rxf8+ Rxf8 33. Re3 Qf4 34. b3 1-0


[Site "https://www.chess.com"]

[Event "Titled Tuesday Blitz July 25 Early 2023"]
[White "Bogumil, Tatiana"]
[Black "Slovineanu, Viacheslav"]
[WhiteFideId "4110579"]
[BlackFideId "13900510"]
[WhiteElo "2029"]
[BlackElo "2322"]
[Result "0-1"]
[Round "5"]
[TimeControl "180+2"]
[Date "2023.07.25"]
[WhiteClock "0:00:00"]
[BlackClock "0:00:58"]
[Board "228"]

1. Nf3 d5 2. c4 e6 3. b3 Nf6 4. Bb2 c5 5. g3 Nc6 6. Bg2 d4 7. O-O Bd6 8. d3 O-O 9. a3 e5 10. b4 cxb4 11. axb4 Nxb4 12. Na3 Re8 13. Nb5 Bc5 14. Ba3 a6 15. Bxb4 Bxb4 16. Qb3 Bc5 17. Nd2 Rb8 18. Na3 Bf5 19. f3 Be6 20. Qc2 Qc7 21. Rfb1 h6 22. Ne4 Nxe4 23. fxe4 Bd7 24. h4 f5 25. exf5 Bxf5 26. Qa4 Bd7 27. Qd1 e4 0-1


[Site "https://www.chess.com"]

[Event "Titled Tuesday Blitz July 25 Early 2023"]
[White "BenchGM"]
[Black "Lohani, Sujana"]
[BlackFideId "12311987"]
[WhiteElo "2301"]
[BlackElo "1928"]
[Result "1-0"]
[Round "5"]
[TimeControl "180+2"]
[Date "2023.07.25"]
[WhiteClock "0:00:57"]
[BlackClock "0:00:00"]
[Board "229"]

1. Nf3 c5 2. b3 Nc6 3. Bb2 Nf6 4. g3 d5 5. Bg2 d4 6. O-O e5 7. d3 Bd6 8. c3 O-O 9. cxd4 exd4 10. Nbd2 Re8 11. Rc1 Rb8 12. Ng5 h6 13. Nge4 Nxe4 14. Nxe4 b6 15. Nxc5 bxc5 16. Bxc6 Re6 17. Bg2 Qe7 18. Re1 Bb7 19. Bxb7 Rxb7 20. Qd2 Qf6 21. e3 Rbe7 22. exd4 cxd4 23. Rxe6 Rxe6 24. Re1 Qe7 25. Rxe6 Qxe6 26. Bxd4 Qe7 27. Be3 Bb4 28. Qc2 Kh7 29. d4+ g6 30. d5 Qf6 31. Qc6 Qa1+ 32. Kg2 Qe5 33. Qc4 1-0


[Site "https://www.chess.com"]

[Event "Titled Tuesday Blitz July 25 Early 2023"]
[White "Joshi, Pankaj"]
[Black "Mikheeva, Galina"]
[WhiteFideId "5006210"]
[BlackFideId "44108320"]
[WhiteElo "2243"]
[BlackElo "1892"]
[Result "0-1"]
[Round "5"]
[TimeControl "180+2"]
[Date "2023.07.25"]
[WhiteClock "0:00:00"]
[BlackClock "0:00:20"]
[Board "230"]

1. e4 e5 2. Nf3 Nc6 3. Bc4 Bc5 4. c3 Nf6 5. d3 O-O 6. h3 d5 7. exd5 Nxd5 8. Nbd2 Nf4 9. O-O Bf5 10. Ne4 Bd6 11. Bxf4 exf4 12. Nxd6 Qxd6 13. d4 h6 14. Re1 Rae8 15. Qd2 Bg6 16. Bb5 Be4 17. Bxc6 bxc6 18. Ne5 Rxe5 19. Qxf4 Re6 20. Rxe4 Qxf4 21. Rxf4 Re2 22. Rb1 Rb8 23. b3 Rxa2 24. Rf3 a5 25. c4 Ra3 26. Kf1 Rd8 27. Rd3 a4 28. Ke2 axb3 29. Rbxb3 Rxb3 30. Rxb3 Rxd4 31. Rb8+ Kh7 32. Rc8 Rxc4 33. Rxc7 Rc2+ 34. Kf3 Kg6 35. g4 Kf6 36. Kg3 Ke6 37. h4 Kf6 38. Kf3 Rc3+ 39. Kg2 c5 40. f3 c4 41. Rc6+ Ke5 42. Rc7 Ke6 43. Kg3 Rc1 44. Rc6+ Kd7 45. Rc5 c3 46. Rc4 c2 47. Kf4 Kd6 48. h5 Kd5 49. Rc8 Kd4 0-1


[Site "https://www.chess.com"]

[Event "Titled Tuesday Blitz July 25 Early 2023"]
[White "Kovalev, Vladislav"]
[Black "Dubov, Daniil"]
[WhiteFideId "13504398"]
[BlackFideId "24126055"]
[WhiteElo "2975"]
[BlackElo "3108"]
[Result "0-1"]
[Round "6"]
[TimeControl "180+2"]
[Date "2023.07.25"]
[WhiteClock "0:00:00"]
[BlackClock "0:00:13"]
[Board "1"]

1. e4 c5 2. Nf3 e6 3. c3 d5 4. exd5 exd5 5. d4 Nc6 6. Bb5 Bd6 7. O-O Ne7 8. dxc5 Bxc5 9. Nbd2 O-O 10. Nb3 Bb6 11. h3 Nf5 12. Bd3 h6 13. Re1 Qf6 14. Bxf5 Bxf5 15. Be3 Bc7 16. Nfd4 Nxd4 17. Bxd4 Qg6 18. Qf3 Rfe8 19. Nd2 h5 20. Kh1 Be4 21. Nxe4 dxe4 22. Qe2 Rad8 23. Rad1 Rd5 24. Be3 Rd3 25. Bd4 Re6 26. Qf1 Qf5 27. Re3 Qf4 28. g3 Rxd1 29. Qxd1 Qxf2 30. Qxh5 Qf1+ 31. Kh2 Rg6 32. Qh4 f5 0-1


[Site "https://www.chess.com"]

[Event "Titled Tuesday Blitz July 25 Early 2023"]
[White "Hovhannisyan, Robert"]
[Black "Bluebaum, Matthias"]
[WhiteFideId "13302507"]
[BlackFideId "24651516"]
[WhiteElo "2968"]
[BlackElo "3059"]
[Result "1/2-1/2"]
[Round "6"]
[TimeControl "180+2"]
[Date "2023.07.25"]
[WhiteClock "0:00:05"]
[BlackClock "0:00:57"]
[Board "2"]

1. e4 e6 2. d4 d5 3. Nc3 Nf6 4. Bg5 dxe4 5. Nxe4 Be7 6. Nxf6+ Bxf6 7. Bxf6 Qxf6 8. c3 O-O 9. Qf3 Qxf3 10. Nxf3 b6 11. Ne5 Bb7 12. h4 f6 13. Nd3 Nd7 14. O-O-O Rfe8 15. Rh3 Rad8 16. Re3 e5 17. dxe5 Nxe5 18. Nxe5 Rxd1+ 19. Kxd1 Rxe5 20. Rxe5 fxe5 21. g3 Kf7 22. Kd2 Bd5 23. a3 Kf6 24. Ke3 c5 25. Bd3 h6 26. Be4 Be6 27. Bb7 Bf5 28. Ba6 g5 29. hxg5+ hxg5 30. Bd3 Bd7 31. Bc4 Bf5 32. b4 Bg6 33. Bd3 Be8 34. Be4 Bf7 35. Kd3 Ke7 36. Bh7 Bd5 37. Ke3 Kf6 38. Bc2 Bc6 39. Bb3 Bd7 40. bxc5 bxc5 41. Kd3 Bf5+ 42. Ke3 Bg6 43. Bc4 Bf5 44. Bd5 Bg6 45. Be4 Be8 46. Ke2 Bb5+ 47. Kf3 Bd7 48. Bd5 Bf5 49. Bc4 Bg6 50. Ke3 Bf5 51. Bd3 Bd7 52. Bh7 Be8 53. Kd2 Ba4 54. Be4 Be8 55. Bd3 Bd7 56. Ba6 Bf5 57. a4 Bd7 58. a5 Bf5 59. Ke3 Bg6 60. Bd3 Be8 61. Be4 Bd7 62. Kd3 Bb5+ 63. Kd2 Bd7 64. Bb7 Bf5 65. Bc6 Bg6 66. Bd7 Bh7 67. Bg4 Bg6 68. Kc1 Ke7 69. Be2 Kd6 70. Bc4 Ke7 71. Kd2 Bf5 72. Bd3 Bd7 73. Ke3 Kf6 74. Bc4 Bf5 75. Be2 Bg6 76. Bd3 Be8 77. Bh7 Bd7 78. Bc2 Be8 79. Bd1 Bg6 80. Be2 Bf5 81. Bf1 Bg6 82. Bh3 Bh7 83. Bg2 Bg6 84. Bh1 Bf5 85. Bc6 Bg6 86. Bb7 Bf5 87. Ba8 Bg6 88. Be4 Be8 89. Bd3 Bd7 90. Kf3 Bc6+ 91. Be4 Bd7 92. Bd5 Bf5 93. Bc6 Bg6 94. Bb7 Bf5 95. Ke3 Bg6 96. Be4 Be8 97. Kd3 Bb5+ 98. Kc2 Ba4+ 99. Kd2 Bd7 100. Kd3 Bb5+ 1/2-1/2


[Site "https://www.chess.com"]

[Event "Titled Tuesday Blitz July 25 Early 2023"]
[White "Bortnyk, Olexandr"]
[Black "Anton Guijarro, David"]
[WhiteFideId "14120828"]
[BlackFideId "2285525"]
[WhiteElo "3052"]
[BlackElo "2966"]
[Result "1-0"]
[Round "6"]
[TimeControl "180+2"]
[Date "2023.07.25"]
[WhiteClock "0:00:04"]
[BlackClock "0:00:06"]
[Board "3"]

1. e4 c6 2. c4 d5 3. cxd5 cxd5 4. exd5 Nf6 5. Qa4+ Nbd7 6. Nc3 g6 7. Bc4 Bg7 8. d3 O-O 9. Nf3 a6 10. Qa3 Nb6 11. Qb3 Bg4 12. Ne5 Bf5 13. O-O Qc7 14. Re1 Nxc4 15. dxc4 e6 16. Bg5 b5 17. cxb5 Nxd5 18. Nxd5 exd5 19. b6 Qb7 20. Nf3 Be4 21. Nd2 a5 22. Nxe4 dxe4 23. Rad1 a4 24. Qb5 Qa6 25. Qxa6 Rxa6 26. Bd8 f5 27. Bc7 Ra5 28. b7 Rb5 29. b8=Q Rfxb8 30. Bxb8 Rxb8 31. Rd7 Bxb2 32. Red1 a3 33. g3 Rf8 34. Rb7 Rf7 35. Rdd7 Rxd7 36. Rxd7 Bf6 37. Ra7 Bb2 38. Kf1 Bc1 39. Ke2 Bb2 40. h4 h5 41. Ke3 Bc1+ 42. Kd4 Kf8 43. Kd5 Bb2 44. Rd7 Kg8 45. Ke6 Kf8 46. Kd5 Kg8 47. Rc7 Kf8 48. Rc2 Kg8 49. Rc7 Kf8 50. Kc4 Kg8 51. Rd7 Kf8 52. Kb3 Ke8 53. Rd6 Kf7 54. Kc2 Kg7 55. Kd2 Kf7 56. Rc6 Kg7 57. Ke3 Kf7 58. Kf4 Bd4 59. f3 exf3 60. Kxf3 Bb2 61. Kf4 Bd4 62. Ra6 Bb2 63. Rc6 Bd4 64. Rc4 Bb2 65. Kg5 Bf6+ 66. Kh6 Bg7+ 67. Kh7 Be5 68. Ra4 Bxg3 69. Ra7+ Kf6 70. Ra6+ Ke5 71. Kxg6 f4 72. Rxa3 Ke4 73. Kxh5 f3 74. Kg4 f2 75. Rf3 Bxh4 76. Rf7 Bd8 77. Rxf2 Kd3 78. Rf8 Bb6 79. Rc8 Kd4 80. Kf3 Bc5 81. Ke2 Kc4 82. Kd2 Kb4 83. Kc2 Bd4 84. Rd8 Bc5 85. Rg8 Ka4 86. Rg4+ Kb5 87. Kb3 Bd6 88. Rg5+ Kb6 89. Kc4 Bf4 90. Rf5 Bd2 91. Rf6+ Ka5 92. Rd6 Be1 93. Rd8 Kb6 94. Re8 Bd2 95. Rb8+ Ka6 96. Rb5 Be1 97. Rd5 Kb6 98. Kb3 Ka6 99. Ka4 Kb6 100. Rd6+ Kc5 101. Re6 Bd2 102. Re8 Kb6 103. a3 Kc6 104. Rb8 Kc5 105. Rb5+ Kc6 106. Rb2 Be1 107. Rb1 Bd2 108. Rd1 Bf4 109. Ka5 Kb7 110. Rd7+ Kb8 111. Ka6 Be3 112. Rb7+ Kc8 113. Rb3 Kc7 114. Rxe3 1-0


[Site "https://www.chess.com"]

[Event "Titled Tuesday Blitz July 25 Early 2023"]
[White "Bok, Benjamin"]
[Black "Iturrizaga Bonelli, Eduardo"]
[WhiteFideId "1017063"]
[BlackFideId "3901211"]
[WhiteElo "2976"]
[BlackElo "2909"]
[Result "0-1"]
[Round "6"]
[TimeControl "180+2"]
[Date "2023.07.25"]
[WhiteClock "0:00:00"]
[BlackClock "0:00:13"]
[Board "4"]

1. d4 Nf6 2. c4 e6 3. Nc3 Bb4 4. Qc2 O-O 5. a3 Bxc3+ 6. Qxc3 b6 7. Bg5 Bb7 8. e3 d6 9. f3 h6 10. Bh4 Nbd7 11. Bd3 c5 12. Ne2 Rc8 13. b4 d5 14. dxc5 bxc5 15. b5 Qb6 16. O-O e5 17. a4 d4 18. Qa3 a5 19. Bf5 Rce8 20. Rfe1 g6 21. Bh3 g5 22. Bf2 g4 23. fxg4 Ne4 24. Ng3 Ng5 25. Nf5 Be4 26. exd4 exd4 27. Qg3 Ne5 28. Qh4 Nef3+ 29. gxf3 Nxf3+ 30. Kf1 Nxh4 31. Nxh4 Qf6 32. Kg1 h5 33. gxh5 Kh8 34. Bg2 Rg8 35. Bg3 Bxg2 36. Nxg2 d3 37. Rf1 Qd4+ 38. Kh1 d2 39. Rad1 Re2 40. Rxf7 Qe4 41. Rg1 Rxg2 0-1


[Site "https://www.chess.com"]

[Event "Titled Tuesday Blitz July 25 Early 2023"]
[White "Galchenko, Matvey"]
[Black "Vachier-Lagrave, Maxime"]
[WhiteFideId "24175480"]
[BlackFideId "623539"]
[WhiteElo "2916"]
[BlackElo "3128"]
[Result "0-1"]
[Round "6"]
[TimeControl "180+2"]
[Date "2023.07.25"]
[WhiteClock "0:00:02"]
[BlackClock "0:00:08"]
[Board "5"]

1. f4 d5 2. Nf3 g6 3. g3 Bg7 4. Bg2 c5 5. O-O Nh6 6. d3 d4 7. c3 Nf5 8. e4 dxe3 9. Qe2 O-O 10. Bxe3 Nxe3 11. Qxe3 Qc7 12. Na3 a6 13. Rae1 e6 14. Ne5 Nd7 15. Nac4 Nf6 16. a4 Nd5 17. Qf2 b5 18. axb5 axb5 19. Ne3 Nxe3 20. Qxe3 Ra2 21. Rf2 Rd8 22. Nc6 Rd6 23. Qxc5 Bb7 24. Ne7+ Qxe7 25. Bxb7 h5 26. Bd5 Ra7 27. Be4 Qd7 28. d4 Rc7 29. Qb4 Bf8 30. Qb3 Rb6 31. Rd2 Qd6 32. d5 b4 33. cxb4 Rxb4 34. Qf3 Qb6+ 35. Kh1 exd5 36. Bxd5 Rxb2 37. Rxb2 Qxb2 38. f5 Rc2 39. Bxf7+ Kh8 40. h4 Rh2+ 41. Kg1 Bc5+ 42. Re3 Bxe3+ 43. Qxe3 Qg2# 0-1


[Site "https://www.chess.com"]

[Event "Titled Tuesday Blitz July 25 Early 2023"]
[White "Kramnik, Vladimir"]
[Black "Madaminov, Mukhiddin"]
[WhiteFideId "4101588"]
[BlackFideId "14210703"]
[WhiteElo "2991"]
[BlackElo "2929"]
[Result "1-0"]
[Round "6"]
[TimeControl "180+2"]
[Date "2023.07.25"]
[WhiteClock "0:01:21"]
[BlackClock "0:01:46"]
[Board "6"]

1. e4 e5 2. Nf3 Nc6 3. Bb5 a6 4. Ba4 Nf6 5. d3 d6 6. c3 g6 7. Bg5 Bg7 8. h3 h6 9. Be3 O-O 10. Nbd2 b5 11. Bc2 d5 12. Nb3 Re8 13. O-O Kh7 14. Re1 a5 15. a4 b4 16. Bd2 Qd6 17. exd5 Nxd5 18. d4 Ba6 19. Nc5 bxc3 20. bxc3 Bc4 21. Ne4 Qd7 22. h4 exd4 23. cxd4 Qg4 24. Nfg5+ 1-0


[Site "https://www.chess.com"]

[Event "Titled Tuesday Blitz July 25 Early 2023"]
[White "Martinez Alcantara, Jose Eduardo"]
[Black "Grandelius, Nils"]
[WhiteFideId "3805662"]
[BlackFideId "1710400"]
[WhiteElo "2988"]
[BlackElo "2879"]
[Result "1-0"]
[Round "6"]
[TimeControl "180+2"]
[Date "2023.07.25"]
[WhiteClock "0:01:21"]
[BlackClock "0:00:17"]
[Board "7"]

1. e4 c5 2. Nf3 e6 3. c3 d5 4. e5 d4 5. g3 Nc6 6. Bg2 Nge7 7. O-O Ng6 8. Re1 Qc7 9. cxd4 cxd4 10. d3 Ncxe5 11. Nxe5 Nxe5 12. Bf4 Bd6 13. Nd2 Ng6 14. Rc1 Qe7 15. Bxd6 Qxd6 16. Qa4+ Bd7 17. Ne4 Bxa4 18. Nxd6+ Ke7 19. Nxb7 Rac8 20. Nc5 Bd7 21. f4 Rhd8 22. b4 Nf8 23. a4 g6 24. b5 Be8 25. Nb7 Rxc1 26. Rxc1 Rd7 27. Na5 Rd8 28. Rc7+ Rd7 29. Nc6+ Kd6 30. Rc8 1-0


[Site "https://www.chess.com"]